 Dungeon Crawl Stone Soup version 0.30-a0-1103-g25895a7845 (webtiles) character file.

Game seed: 12899364710887180908

42441 jasper the Brawler (level 13, -7/117 HPs)
             Began as a Troll Hedge Wizard on Apr 18, 2023.
             Was an Initiate of Gozag.
             Mangled by a komodo dragon (25 damage)
             ... on level 5 of the Lair of Beasts.
             The game lasted 00:27:01 (14426 turns).

jasper the Brawler (Troll Hedge Wizard)            Turns: 14426, Time: 00:27:01

Health: -7/117     AC: 15    Str: 20    XL:     13   Next: 85%
Magic:  15/15      EV: 11    Int: 18    God:    Gozag
Gold:   3855       SH: 10    Dex:  8    Spells: 11/16 levels left

rFire   . . .      SeeInvis .      - Unarmed
rCold   + . .      Faith    .    U - +0 kite shield
rNeg    + . .      Spirit   .    b - +0 robe
rPois   +          Reflect  .    c - +2 hat
rElec   .          Rampage  .    u - +0 cloak
rCorr   .                        (gloves unavailable)
Will    .....                    (boots unavailable)
Stlth   +                        N - amulet of regeneration
HPRegen 1.99/turn                M - ring of the Tortoise {AC+8}
MPRegen 0.14/turn                o - ring "Pitaemud" {rPois rC+ rN+}

@: no status effects
A: large, unfitting armour, claws 3, regeneration 1, shaggy fur 1, tough skin 1,
clever 1, frail 1
a: Renounce Religion, Potion Petition, Call Merchant, Bribe Branch


You were on level 5 of the Lair of Beasts.
You worshipped Gozag.
Gozag was most pleased with you.
You visited 2 branches of the dungeon, and saw 16 of its levels.
You also visited: Bailey and Gauntlet.

You collected 6368 gold pieces.
You spent 2454 gold pieces at shops.
You paid 59 gold pieces to Gozag.

Inventory:

Hand Weapons
 a - a +0 dagger of flaming
 x - the +9 hammer "Hyleisom" {drain, rPois rC++ Int-3 SInv}
   (You took it off an orc on level 5 of the Dungeon)

   Int:       It affects your intelligence (-3).
   rC:        It greatly protects you from cold.
   rPois:     It protects you from poison.
   SInv:      It lets you see invisible.
Missiles
 D - 17 boomerangs (quivered)
 H - 4 throwing nets
 R - 5 javelins
 W - 5 curare-tipped darts
Armour
 b - a +0 robe (worn)
 c - a +2 hat (worn)
 u - a +0 cloak (worn)
 U - a +0 kite shield (worn)
Jewellery
 e - a +4 ring of protection
 j - a +5 ring of evasion
 k - a ring of magical power
 o - the ring "Pitaemud" (right claw) {rPois rC+ rN+}
   (You found it in a Gauntlet)

   [ring of protection from cold]

   rC:        It protects you from cold.
   rPois:     It protects you from poison.
   rN:        It protects you from negative energy.
 p - an amulet of magic regeneration
 r - a +6 ring of intelligence
 y - a ring of magical power
 K - the ring of Shadows {Umbra +Inv Stlth+}
   (You bought it in a shop on level 8 of the Dungeon)

   [ring of stealth]

   Umbra:     It surrounds you with an aura of shadow, increasing your stealth
   and reducing the accuracy of all others within it.
   +Inv:      It lets you turn invisible.
   Stlth:     It makes you more stealthy.
 M - the ring of the Tortoise (left claw) {AC+8}
   (You bought it in a shop on level 9 of the Dungeon)

   [ring of protection]

   AC:        It affects your AC (+8).
 N - an amulet of regeneration (around neck)
 P - a +6 ring of dexterity
 Q - a +4 ring of protection
 Y - a ring of protection from fire
Wands
 I - a wand of polymorph (2)
 L - a wand of digging (2)
 S - a wand of mindburst (9)
 T - a wand of flame (3)
Scrolls
 f - 6 scrolls of teleportation
 g - 3 scrolls of enchant armour
 h - 2 scrolls of enchant weapon
 l - a scroll of brand weapon
 n - a scroll of poison
 s - 8 scrolls of fear
 t - 4 scrolls of amnesia
 w - 2 scrolls of magic mapping
 z - 4 scrolls of immolation
 A - a scroll of blinking
 B - 3 scrolls of fog
 F - a scroll of summoning
 G - 2 scrolls of silence
 O - 3 scrolls of identify
 V - a scroll of torment
Potions
 d - 6 potions of magic
 i - 10 potions of curing
 m - a potion of lignification
 q - 8 potions of ambrosia
 v - a potion of heal wounds
 C - 3 potions of brilliance
 E - 2 potions of invisibility
 J - a potion of flight
 X - 3 potions of cancellation
 Z - 2 potions of degeneration


   Skills:
 + Level 9.2 Fighting
 + Level 9.4 Dodging
 - Level 1.0 Stealth
 - Level 9.0 Shields
 * Level 15.2 Unarmed Combat
 - Level 2.0 Spellcasting
 - Level 0.6 Conjurations
 - Level 0.6 Summonings
 - Level 0.6 Translocations
 + Level 5.0 Evocations


You had 11 spell levels left.
You knew the following spells:

 Your Spells              Type           Power      Damage    Failure   Level
a - Swiftness             Air            1%         N/A       71%         3
b - Blink                 Tloc           6%         N/A       38%         2

Your spell library contained the following spells:

 Spells                   Type           Power      Damage    Failure   Level
 Magic Dart               Conj           12%        1d3       26%         1
 Shock                    Conj/Air       8%         1d3       30%         1
 Slow                     Hex            4%         N/A       34%         1
 Sting                    Tmut/Pois      4%         1d3       34%         1
 Call Imp                 Summ           6%         N/A       38%         2
 Cigotuvi's Dreadful Rot  Necr/Pois/Air  2%         N/A       45%         2
 Poisonous Vapours        Pois/Air       2%         N/A       45%         2
 Gell's Gravitas          Tloc           3%         N/A       63%         3
 Teleport Other           Tloc           3%         N/A       63%         3
 Mephitic Cloud           Conj/Pois/Air  2%         N/A       67%         3
 Summon Guardian Golem    Hex/Summ       2%         N/A       67%         3
 Vhi's Electric Charge    Tloc/Air       4%         N/A       67%         3
 Airstrike                Air            0%         2d(1-17)  98%         4
 Olgreb's Toxic Radiance  Pois           1%         N/A       98%         4
 Arcjolt                  Conj/Air       1%         1d11      100%        5
 Summon Mana Viper        Hex/Summ       2%         N/A       100%        5
 Death Channel            Necr           0%         N/A       100%        6
 Dispersal                Tloc           1%         N/A       100%        6
 Plasma Beam              Fire/Air       0%         2x1d11    100%        6
 Borgnjor's Revivificati  Necr           0%         N/A       100%        8
 Necromutation            Tmut/Necr      0%         N/A       100%        8
 Death's Door             Necr           0%         N/A       100%        9


Dungeon Overview and Level Annotations

Branches:
Dungeon (11/15)            Temple (0/1) D:6            Lair (5/5) D:8
  Swamp (0/4) Lair:2       Spider (0/4) Lair:2          Orc (0/2) D:9
 Bailey (visited)         Gauntlet (visited)
  Slime: Lair:4-5

Altars:
Cheibriados
Dithmenos
Elyvilon
Fedhas
Gozag
Kikubaaqudgha
Makhleb
Trog
Zin
Jiyva

Shops:
D:8 =   D:9 =

Annotations:
D:5 2 runed translucent doors
D:11 Snorg
Lair:3 exclusion: oklob plant


Innate Abilities, Weirdness & Mutations

You are too large for most types of armour.
You have claws for hands.
Your natural rate of healing is unusually fast.
You are covered in fur. (AC +1)
You have tough skin. (AC +1)
Your mind is acute. (Int +4, Str/Dex -1)
You are frail. (-10% HP)


Message History

The ten-headed hydra closely misses you.
The ten-headed hydra bites you.
You take 49 damage, and have 41/117 hp.
MASSIVE DAMAGE!!
Blink to where?
Press: ? - help, Dir - move target
Found a scroll of enchant weapon.
As you read the scroll of blinking, it crumbles to dust.
You feel sick.
As you read the scroll of teleportation, it crumbles to dust.
You feel strangely unstable.
You feel sick.
You are no longer poisoned.
The ten-headed hydra bites the fungus.
The fungus begins to die.
The ten-headed hydra bites the fungus.
The ten-headed hydra bites the fungus! x2
The ten-headed hydra completely misses the fungus.
The ten-headed hydra bites the fungus. x2
The ten-headed hydra bites the fungus!
The ten-headed hydra bites the fungus.
The ten-headed hydra bites the fungus!
The blink frog blinks!
Something bites the fungus.
Something bites the fungus!
Something bites the fungus.
Something bites the fungus! x2
Something bites the fungus.
Something bites the fungus! x3
Something bites the fungus.
You regained 2 hp, and now have 45/117 hp.
Your surroundings suddenly seem different.
A jelly comes into view.
Found a twisted brass wand, a scroll of torment and 9 gold pieces.
A komodo dragon comes into view.
You regained 2 hp, and now have 47/117 hp.
The komodo dragon hisses angrily.
You regained 2 hp, and now have 49/117 hp.
The komodo dragon bites you!!
* * * LOW HITPOINT WARNING * * *
You take 20 damage, and have 29/117 hp.
The komodo dragon bites you!
* * * LOW HITPOINT WARNING * * *
You take 13 damage, and have 16/117 hp.
You claw the komodo dragon!
The komodo dragon is lightly wounded.
The komodo dragon bites you!!
You die...
Your body crumbles into a pile of gold.

# ..P#### #####
P##
...$...##./.#...P#
.......@..........
...#P.#l.###?P....
##....#
........P.. ##P.##
##......P÷P. ##..
.......P÷P. ...
###.......P.. #...
#..P...#.....
##... #P....#.._..
#...##.....


You could see a komodo dragon.

Vanquished Creatures
  Gastronok (Lair:2)
  An orc warlord (Bailey)
  A minotaur (Gauntlet)
  3 hydras (Lair:3)
  A boulder beetle (Lair:4)
  2 two-headed ogres
  4 death yaks (Lair:4)
  Sonja (Lair:2)
  A skyshark (Lair:3)
  2 bog bodies (Lair:2)
  A shining eye (Gauntlet)
  A worldbinder (Gauntlet)
  9 elephants (Lair:3)
  3 black mambas
  A gargoyle (D:11)
  7 cane toads
  Psyche (D:8)
  2 komodo dragons
  4 rime drakes
  A queen bee (Lair:3)
  A hornet (D:10)
  11 blink frogs
  2 polar bears
  7 shadows
  4 wyverns
  A vampire (D:9)
  2 wraiths
  29 yaks
  Eustachio (D:6)
  Grum (D:8)
  2 golden eyes (Gauntlet)
  5 steam dragons
  3 basilisks
  2 vampire mosquitoes (D:11)
  An acid dragon (D:8)
  10 water moccasins
  2 sky beasts (D:8)
  5 orc warriors
  An ice beast (D:8)
  7 black bears
  3 boggarts (Gauntlet)
  3 centaurs
  3 ogres
  13 wolves
  A kobold brigand (D:10)
  2 phantoms
  Blork the orc (D:6)
  14 bullfrogs
  7 scorpions
  3 wights (D:9)
  38 killer bees
  A vampire bat (Lair:1)
  2 electric eels
  8 howler monkeys
  3 jellies
  3 hounds
  Crazy Yiuf (D:5)
  3 orc priests
  3 gnoll boudas
  An iron imp (D:3)
  A sleepcap (D:7)
  Jessica (D:3)
  4 iguanas
  Ijyb (D:5)
  13 orc wizards
  23 gnolls
  8 adders
  A river rat (Lair:3)
  2 white imps
  An ufetubus (D:5)
  A worm (Lair:2)
  A dart slug (D:5)
  46 orcs
  3 ball pythons
  14 bats
  2 bat zombies (D:9)
  5 endoplasms
  2 giant cockroaches (Lair:2)
  11 goblins
  5 hobgoblins
  21 jackals
  6 frilled lizards
  16 kobolds
  8 rats
453 creatures vanquished.

Vanquished Creatures (others)
  4 orcs (D:6)
  40 fungi
  91 plants
135 creatures vanquished.

Grand Total: 588 creatures vanquished

Notes
Turn   | Place    | Note
-------+----------+-------------------------------------------
     0 | D:1      | jasper the Troll Hedge Wizard began the quest for the Orb.
     0 | D:1      | Reached XP level 1. HP: 16/16 MP: 2/2
   262 | D:1      | Reached skill level 1 in Unarmed Combat
   383 | D:1      | Reached XP level 2. HP: 26/26 MP: 0/4
  1039 | D:2      | Reached XP level 3. HP: 26/32 MP: 5/5
  1042 | D:2      | Learned a level 2 spell: Blink
  1166 | D:2      | Reached skill level 1 in Fighting
  1166 | D:2      | Reached skill level 2 in Unarmed Combat
  1432 | D:2      | Found a glowing silver altar of Zin.
  1815 | D:3      | Found a snail-covered altar of Cheibriados.
  1816 | D:3      | Noticed Jessica
  1828 | D:3      | Killed Jessica
  1829 | D:3      | Reached XP level 4. HP: 41/41 MP: 6/6
  1840 | D:3      | Reached skill level 3 in Unarmed Combat
  2116 | D:4      | Noticed a black bear
  2116 | D:4      | Found a bloodstained altar of Trog.
  2117 | D:4      | Noticed a black bear
  2128 | D:4      | Killed a black bear
  2129 | D:4      | Reached XP level 5. HP: 49/49 MP: 7/7
  2131 | D:4      | Killed a black bear
  2132 | D:4      | Reached skill level 4 in Unarmed Combat
  2132 | D:4      | Reached XP level 6. HP: 57/57 MP: 8/8
  2378 | D:4      | Reached skill level 5 in Unarmed Combat
  2417 | D:4      | Reached XP level 7. HP: 66/66 MP: 9/9
  2557 | D:4      | Got the Catalogue of Black Spells and the Gathering
  2655 | D:4      | Found an opulent altar of Gozag.
  2899 | D:4      | Became a worshipper of Gozag Ym Sagoz the Greedy
  3018 | D:5      | Entered Level 5 of the Dungeon
  3093 | D:5      | Noticed Ijyb
  3405 | D:5      | Found a runed translucent door.
  3409 | D:5      | Reached skill level 6 in Unarmed Combat
  3422 | D:5      | Found a runed translucent door.
  3618 | D:5      | Found a runed translucent door.
  3621 | D:5      | Noticed Crazy Yiuf
  3631 | D:5      | Killed Crazy Yiuf
  3697 | D:5      | Killed Ijyb
  3704 | D:5      | Identified the +9 hammer "Hyleisom" {drain, rPois rC++
                  | Int-3 SInv}
  3903 | D:6      | Noticed Eustachio
  3914 | D:6      | Killed Eustachio
  3915 | D:6      | Reached XP level 8. HP: 73/78 MP: 10/10
  3952 | D:6      | Reached skill level 7 in Unarmed Combat
  4204 | D:6      | Noticed Blork the orc
  4210 | D:6      | Killed Blork the orc
  4225 | D:6      | Learned a level 3 spell: Swiftness
  4486 | D:6      | Found a staircase to the Ecumenical Temple.
  4583 | D:6      | Gained mutation: You have a pair of small horns on your
                  | head. [potion of mutation]
  4583 | D:6      | Gained mutation: You have a pair of horns on your head.
                  | [potion of mutation]
  4640 | D:7      | Found a flagged portal.
  4645 | D:7      | Reached skill level 8 in Unarmed Combat
  4652 | D:7      | Identified a scroll of acquirement
  4652 | D:7      | Acquired 1022 gold pieces
  4655 | Bailey   | Entered a bailey
  4663 | Bailey   | Noticed an orc warlord
  4693 | Bailey   | Reached skill level 5 in Dodging
  4773 | Bailey   | Found a runed translucent gate.
  4773 | Bailey   | Found a runed translucent gate.
  4774 | Bailey   | Found a runed translucent gate.
  4783 | Bailey   | Reached XP level 9. HP: 80/85 MP: 11/11
  4818 | Bailey   | Acquired 1126 gold pieces
  4876 | Bailey   | Killed an orc warlord
  4877 | Bailey   | Reached skill level 5 in Fighting
  4877 | Bailey   | Reached skill level 9 in Unarmed Combat
  4892 | Bailey   | Reached skill level 11 in Unarmed Combat
  4892 | Bailey   | Reached XP level 10. HP: 39/102 MP: 12/12
  5214 | D:7      | Reached skill level 12 in Unarmed Combat
  5569 | D:8      | Found Coezik's Jewellery Shop.
  5577 | D:8      | Bought the ring of Shadows {Umbra +Inv Stlth+} for 400 gold
                  | pieces
  5577 | D:8      | Found the ring of Shadows {Umbra +Inv Stlth+}
  5582 | D:8      | Found a staircase to the Lair.
  5758 | D:8      | Noticed Grum
  5773 | D:8      | Killed Grum
  6020 | D:9      | Noticed Psyche
  6040 | D:9      | Paralysed by something for 5 turns
  6082 | D:8      | Killed Psyche
  6210 | D:9      | Identified the +1 arbalest of Obsession {freeze, Dex+2}
  6241 | D:9      | Reached skill level 1 in Evocations
  6241 | D:9      | Reached XP level 11. HP: 79/109 MP: 13/13
  6301 | D:9      | Found a staircase to the Orcish Mines.
  6305 | D:9      | Noticed a two-headed ogre
  6314 | D:9      | Killed a two-headed ogre
  6547 | D:9      | Found Bewenym's Jewellery Shoppe.
  6562 | D:9      | Bought the ring of the Tortoise {AC+8} for 1664 gold pieces
  6562 | D:9      | Found the ring of the Tortoise {AC+8}
  6562 | D:9      | Bought an amulet of regeneration for 390 gold pieces
  6811 | D:9      | Found an ancient bone altar of Kikubaaqudgha.
  6888 | D:10     | Entered Level 10 of the Dungeon
  7282 | D:10     | Found a shadowy altar of Dithmenos.
  7282 | D:10     | Found a burning altar of Makhleb.
  7401 | D:10     | Reached skill level 13 in Unarmed Combat
  7782 | D:11     | Noticed a two-headed ogre
  7791 | D:11     | Killed a two-headed ogre
  7863 | D:11     | Noticed Snorg
  8849 | D:3      | Found a white marble altar of Elyvilon.
  9066 | Lair:1   | Entered Level 1 of the Lair of Beasts
  9910 | Lair:2   | Noticed Gastronok
  9924 | Lair:2   | Killed Gastronok
  9962 | Lair:2   | Found a gate leading to a gauntlet.
  9965 | Lair:2   | Reached XP level 12. HP: 84/120 MP: 14/14
  9986 | Gauntlet | Entered a Gauntlet
  9986 | Gauntlet | Found a transporter.
  9998 | Gauntlet | Found a transporter.
 10013 | Gauntlet | Found a transporter.
 10018 | Gauntlet | Found a transporter.
 10028 | Gauntlet | Noticed a death yak
 10028 | Gauntlet | Noticed a death yak
 10028 | Gauntlet | Noticed a death yak
 10029 | Gauntlet | Noticed a death yak
 10031 | Gauntlet | Noticed a death yak
 10032 | Gauntlet | Noticed a death yak
 10035 | Gauntlet | Found a transporter.
 10053 | Gauntlet | Found a transporter.
 10065 | Gauntlet | Found a transporter.
 10077 | Gauntlet | Found a transporter.
 10089 | Gauntlet | Found a transporter.
 10099 | Gauntlet | Noticed an entropy weaver
 10101 | Gauntlet | Found a transporter.
 10118 | Gauntlet | Found a transporter.
 10136 | Gauntlet | Found a transporter.
 10138 | Gauntlet | Found a transporter.
 10163 | Gauntlet | Found a transporter.
 10165 | Gauntlet | Found a transporter.
 10185 | Gauntlet | Found a transporter.
 10263 | Gauntlet | Found a transporter.
 10283 | Gauntlet | Found a transporter.
 10388 | Gauntlet | Gained mutation: You occasionally lose the ability to read
                  | scrolls when taking damage. [a shining eye]
 10397 | Gauntlet | Gained mutation: You occasionally shout uncontrollably at
                  | your foes. [a shining eye]
 10399 | Gauntlet | Gained mutation: You are frail. (-10% HP) [a shining eye]
 10403 | Gauntlet | Gained mutation: Your magical capacity is low. (-10% MP) [a
                  | shining eye]
 10621 | Gauntlet | Lost mutation: Your magical capacity is low. (-10% MP)
                  | [potion of mutation]
 10621 | Gauntlet | Lost mutation: You have a pair of horns on your head.
                  | [potion of mutation]
 10621 | Gauntlet | Lost mutation: You have a pair of small horns on your head.
                  | [potion of mutation]
 10621 | Gauntlet | Gained mutation: You are strong-willed. (Will+) [potion of
                  | mutation]
 10630 | Gauntlet | Lost mutation: You are strong-willed. (Will+) [potion of
                  | mutation]
 10630 | Gauntlet | Lost mutation: You occasionally lose the ability to read
                  | scrolls when taking damage. [potion of mutation]
 10630 | Gauntlet | Lost mutation: You occasionally shout uncontrollably at
                  | your foes. [potion of mutation]
 10630 | Gauntlet | Gained mutation: Your mind is acute. (Int +4, Str/Dex -1)
                  | [potion of mutation]
 10666 | Gauntlet | Noticed a merfolk aquamancer
 10672 | Gauntlet | Reached skill level 14 in Unarmed Combat
 10812 | Gauntlet | Identified the ring "Pitaemud" {rPois rC+ rN+}
 10826 | Gauntlet | Noticed a minotaur
 10833 | Gauntlet | Killed a minotaur
 10923 | Lair:2   | Reached skill level 1 in Shields
 11208 | Lair:2   | Found a hole to the Spider Nest.
 11251 | Lair:2   | You fall into a shaft and drop 1 floor!
 11257 | Lair:3   | Noticed a five-headed hydra
 11270 | Lair:3   | Killed a five-headed hydra
 11283 | Lair:3   | Reached skill level 5 in Shields
 11511 | Lair:2   | Noticed Sonja
 11522 | Lair:2   | Killed Sonja
 12003 | Lair:2   | Found a staircase to the Swamp.
 12263 | Lair:3   | Noticed a six-headed hydra
 12271 | Lair:3   | Killed a seven-headed hydra
 12272 | Lair:3   | Reached XP level 13. HP: 115/115 MP: 15/15
 12855 | Lair:3   | Found a blossoming altar of Fedhas.
 13119 | Lair:3   | Got the Commentary on Calling and the Traveller
 13684 | Lair:4   | Reached skill level 15 in Unarmed Combat
 14373 | Lair:5   | Entered Level 5 of the Lair of Beasts
 14380 | Lair:5   | Found a viscous altar of Jiyva.
 14395 | Lair:5   | Reached skill level 5 in Evocations
 14426 | Lair:5   | Mangled by a komodo dragon

Illustrated notes

Levels and vault maps discovered:
D:1:      elethiomel_arrival_maze, layout_basic, st_stairs_6
D:2:      layout_loops_ring, basic_altar, minmay_tetromino_o4
D:3:      lemuel_castle_with_subvaults [lemuel_castle_interior_carwin_2],
          layout_loops_ring, slow_altar_1, nicolae_elyvilon_temple_path,
          uniq_jessica
D:4:      layout_basic, trog_ov_bears_minmay, mainiacjoe_overflow_chevrons,
          portal_sewer_entry_e, minmay_fractal_squares_5
D:5:      lemuel_insect_pit, layout_loops_ring, uniq_ijyb,
          uniq_crazy_yiuf_cottage
D:6:      layout_rooms, temple_statues, nicolae_kite_square_tiling_tiny,
          kennysheep_cross_bottleneck, minmay_crystal_water, water_boxes_lemuel,
          uniq_blork_the_orc, uniq_eustachio
D:7:      layout_cave_pools, lemuel_round_altar, enter_bailey_2,
          chequers_big_river
D:8:      layout_basic, lair_entry_dummy, serial_shops, shop, uniq_grum
D:9:      layout_cave_pools, lemuel_zombie_altar_kikubaaqudgha, orc_0_dummy,
          serial_shops, nicolae_shop_tiny_real_fake_doors, minivault_4,
          serial_bayou_crossing, uniq_psyche
D:10:     layout_basic, gammafunk_temple_overflow_pools, minmay_statues_item
D:11:     layout_cave_pools, serial_co_window_serial, co_window_paths_b,
          co_window_corner_a, co_window_paths_a, co_window_corner_a,
          co_window_cross_1, co_window_unsneaky_path_b, co_window_2corner,
          co_window_2corner, co_window_corner_ca, co_window_paths_d,
          co_window_4corner_a, glass_columns_a, glass_columns_a,
          glass_columns_a, uniq_snorg
Lair:1:   layout_gridlike, roderic_batcave, pdpol_lair_neglected_garden,
          serial_bayou_shore_b
Lair:2:   layout_chaotic_city, skrybe_swamp_entry_bodies,
          nicolae_spider_entry_non_spiders, gauntlet_entry_generic,
          serial_rivers, chequers_serial_rivers_micro_d,
          chequers_serial_rivers_small_3, chequers_serial_rivers_micro_d,
          chequers_serial_rivers_room_a, chequers_serial_rivers_small_a,
          grunt_forest_small_clearings, grunt_megastairs_3,
          serial_bayou_shore_a, lemuel_fruit_tree, uniq_sonja, uniq_gastronok
Lair:3:   regret_index_bee_streams, layout_regular_city, tgw_fedhas
Lair:4:   layout_hall_layers, st_stairs_10, grunt_megastairs_2
Lair:5:   due_jungle_book, layout_regular_city, nicolae_slime_entry_field_trip,
          gammafunk_ghost_icy, hangedman_lair_generics_rect, lemuel_fruit_fields

Skill      XL: |  1  2  3  4  5  6  7  8  9 10 11 12 13 |
---------------+----------------------------------------+-----
Unarmed Combat | 1 2 3 4 5 6 8 11 12 13 14 15 | 15.2
Dodging        | 2 3 4 5 7 8 9 |  9.4
Fighting       | 1 2 3 4 7 8 9 |  9.2
Evocations     | 1 3 5 |  5.0
Shields        | 7 9 |  9.0
Stealth        | |  1.0
Spellcasting   | |  2.0
Conjurations   | |  0.6
Summonings     | |  0.6
Translocations | |  0.6

Action                     |  1- 3 |  4- 6 |  7- 9 | 10-12 | 13-15 || total
---------------------------+-------+-------+-------+-------+-------++-------
  Melee: Unarmed           |    99 |    77 |   256 |   696 |   459 ||  1587
         Punch             |     1 |       |    13 |    31 |       ||    45
         Headbutt          |       |       |    14 |    63 |       ||    77
  Throw: Boomerang         |       |       |       |    14 |       ||    14
   Cast: Magic Dart        |     5 |       |       |       |       ||     5
         Swiftness         |       |       |     1 |       |       ||     1
  Evoke: Wand              |       |       |     3 |    20 |    11 ||    34
    Use: Scroll            |    12 |       |     4 |     9 |     2 ||    27
         Potion            |       |     1 |     7 |     5 |       ||    13
   Stab: Sleeping          |     1 |     1 |       |    12 |       ||    14
         Distracted        |       |       |       |     1 |     5 ||     6
 Armour: Robe              |    34 |    15 |    80 |   290 |   245 ||   664
         Skin              |       |       |       |    14 |       ||    14
  Dodge: Dodged            |    68 |    67 |   236 |   502 |   208 ||  1081
  Block: Kite shield       |       |       |       |   101 |   243 ||   344

Table legend: (Time is in decaauts)
 A = Elapsed time spent in this place.
 B = Non-inter-level travel time spent in this place.
 C = Inter-level travel time spent in this place.
 D = Time resting spent in this place.
 E = Time spent auto-exploring this place.
 F = Levels seen in this place.
 G = Mean time per level.
                   A        B        C        D        E       F      G
               +--------+--------+--------+--------+--------+-----+--------+
         Total |  14171 |  13496 |    675 |    205 |   9220 |  18 |  787.3 |
       Dungeon |   8473 |   7895 |    578 |    184 |   5774 |  11 |  770.3 |
          Lair |   4359 |   4263 |     96 |      0 |   2874 |   5 |  871.8 |
        Bailey |    494 |    494 |      0 |     21 |    245 |   1 |  494.0 |
      Gauntlet |    843 |    843 |      0 |      0 |    326 |   1 |  843.0 |
               +--------+--------+--------+--------+--------+-----+--------+

Top non-repeatable levels by time:
  Lair:3: 1503 daAuts
     D:3: 1242 daAuts
  Lair:2: 1163 daAuts
     D:4: 962 daAuts
     D:5: 931 daAuts
     D:2: 856 daAuts
Gauntlet: 843 daAuts
  Lair:4: 842 daAuts
     D:1: 837 daAuts
     D:8: 806 daAuts
  Lair:1: 799 daAuts
     D:9: 761 daAuts
    D:10: 719 daAuts
     D:6: 713 daAuts
  Bailey: 494 daAuts
